 Dungeon Crawl Stone Soup version 0.30-a0-305-g026cb31310 (webtiles) character file.

Game seed: 3939130212521680314

55465 Aneyh the Fencer (level 14, -20/126 HPs)
             Began as a Tengu Monk on Oct 21, 2022.
             Was a High Priest of Trog.
             Demolished by an ironbound frostheart (50 damage)
             ... in an ice cave.
             The game lasted 00:55:44 (17523 turns).

Aneyh the Fencer (Tengu Monk)                      Turns: 17523, Time: 00:55:45

Health: -20/126    AC: 18    Str: 19    XL:     14   Next: 77%
Magic:  0/15       EV: 25    Int:  9    God:    Trog [*****.]
Gold:   962        SH:  0    Dex: 20    Spells: 13/13 levels left

rFire   . . .      SeeInvis .    a - +6 great sword (spect)
rCold   x . .      Faith    .    (shield currently unavailable)
rNeg    . . .      Spirit   +    Y - +7 chain mail of Honour {+Blink +Inv rC- Regen+}
rPois   .          Reflect  .    (helmet restricted)
rElec   +          Harm     .    D - +0 cloak
rCorr   .          Rampage  .    V - +0 pair of gloves
Will    +....                    (boots unavailable)
Stlth   ..........               f - amulet of Doubts {Spirit Int+2}
HPRegen 1.21/turn                B - +4 ring of slaying
MPRegen 0.14/turn                m - ring "Cututibb" {+Blink rElec EV+4 Str+6 Int-4}

@: berserking (expiring), flying quickly and evasively, studying Dodging, very
quick
A: beak, talons 3, nimble flight
a: Renounce Religion, Evoke Blink, Evoke Invisibility, Berserk, Trog's Hand,
Brothers in Arms


You were in an ice cave.
You worshipped Trog.
Trog was extremely pleased with you.
You visited 3 branches of the dungeon, and saw 18 of its levels.
You also visited: Sewer, Ossuary, Bailey, Gauntlet and Ice Cave.

You collected 1762 gold pieces.
You spent 800 gold pieces at shops.

Inventory:

Hand Weapons
 a - a +6 spectral great sword (weapon)
 b - a +1 arbalest of flaming
 c - a +4 scimitar
 t - a +0 falchion of holy wrath
 G - a -1 demon whip of venom
 M - a +2 vampiric halberd
 T - a +4 scimitar of flaming
 X - a +0 eveningstar
 Z - a +2 halberd of freezing
Missiles
 h - 4 throwing nets
 n - 61 poisoned darts
 w - 13 curare-tipped darts
 C - 25 boomerangs (quivered)
 E - 8 datura-tipped darts
Armour
 e - a +0 troll leather armour {Pargi}
 i - the +0 chain mail of the Morning {rN+ Int+3}
   (You found it in a Gauntlet)

   Int:       It affects your intelligence (+3).
   rN:        It protects you from negative energy.
 D - a +0 cloak (worn)
 L - a +3 leather armour of fire resistance
 V - a +0 pair of gloves (worn)
 Y - the +7 chain mail of Honour (worn) {+Blink +Inv rC- Regen+}
   (You found it on level 15 of the Dungeon)

   rC:        It makes you vulnerable to cold.
   +Inv:      It lets you turn invisible.
   +Blink:    It lets you blink.
   Regen:     It increases your rate of health regeneration.
Jewellery
 f - the amulet of Doubts (around neck) {Spirit Int+2}
   (You found it on level 2 of the Dungeon)

   [amulet of guardian spirit]

   It causes incoming damage to be divided between your reserves of health and
   magic.
   Int:       It affects your intelligence (+2).
 j - an amulet of regeneration
 m - the ring "Cututibb" (right hand) {+Blink rElec EV+4 Str+6 Int-4}
   (You found it in a Gauntlet)

   [ring of evasion]

   EV:        It affects your evasion (+4).
   Str:       It affects your strength (+6).
   Int:       It affects your intelligence (-4).
   rElec:     It insulates you from electricity.
   +Blink:    It lets you blink.
 u - a +6 ring of intelligence
 A - a ring of see invisible
 B - a +4 ring of slaying (left hand)
 N - a ring of willpower
 Q - a +6 ring of dexterity
Wands
 s - a wand of digging (13)
 P - a wand of light (40)
 R - a wand of charming (12)
 U - a wand of iceblast (22)
 W - a wand of flame (52)
Scrolls
 g - 2 scrolls of enchant armour
 k - 3 scrolls of fog
 l - a scroll of poison {unknown}
 o - 6 scrolls of fear
 p - 9 scrolls of teleportation
 q - 4 scrolls of immolation
 r - a scroll of summoning {unknown}
 x - 3 scrolls of silence
 F - a scroll of acquirement {unknown}
 K - a scroll of blinking {unknown}
 S - a scroll of identify
Potions
 d - 10 potions of curing
 v - 7 potions of haste
 y - a potion of invisibility {unknown}
 z - 3 potions of cancellation
 H - 3 potions of resistance
 I - 5 potions of lignification
 J - 3 potions of might {unknown}
 O - 4 potions of heal wounds {unknown}


   Skills:
 + Level 8.2 Fighting
 + Level 20.5 Long Blades
 + Level 2.6 Armour
 * Level 18.9 Dodging
 - Level 2.0 Stealth


You had 13 spell levels left.
You didn't know any spells.
Your spell library contained the following spells:

 Spells                   Type           Power      Damage    Failure   Level
 Kiss of Death            Conj/Necr      0%         2d5       99%         1
 Sting                    Tmut/Pois      0%         1d3       99%         1
 Poisonous Vapours        Pois/Air       0%         N/A       100%        2
 Confusing Touch          Hex            0%         N/A       100%        3
 Dispel Undead            Necr           0%         3d6       100%        4
 Olgreb's Toxic Radiance  Pois           0%         N/A       100%        4
 Passage of Golubria      Tloc           0%         N/A       100%        4
 Silence                  Hex/Air        0%         N/A       100%        5
 Lehudib's Crystal Spear  Conj/Erth      0%         10d2      100%        8


Dungeon Overview and Level Annotations

Branches:
Dungeon (15/15)            Temple (1/1) D:7            Lair (0/5) D:8
    Orc (2/2) D:10            Elf (0/3) Orc:2        Vaults (0/5) D:14
 Depths (0/4) D:15          Sewer (visited)         Ossuary (visited)
 Bailey (visited)           IceCv (1/1)             Gauntlet (visited)

Altars:
Ashenzari
Cheibriados
Dithmenos
Elyvilon
Fedhas
Gozag
Hepliaklqana
Nemelex Xobeh
Qazlal
Sif Muna
Trog
Uskayaw
Vehumet
Wu Jian
Xom
Yredelemnul
Zin
The Shining One

Shops:
D:5 :!   D:6 (

Annotations:
D:10 2 transporters, ponyjar's ghost, novice DsBr


Innate Abilities, Weirdness & Mutations

You have a beak for a mouth.
You have claws for feet.
Your magical nature lets you fly swiftly and evasively.


Message History

You slash the yak! You claw the yak!
The yak is heavily wounded.
Your +6 spectral great sword hits the yak!!
You feel the power of Trog in you as your rage grows.
You kill the yak!
Trog accepts your kill.
You hit the polar bear but do no damage.
You claw the polar bear.
The polar bear is lightly wounded.
You hit the polar bear.
The polar bear is lightly wounded.
You cut the polar bear into ribbons!!!
The polar bear is almost dead.
The ice encasing you melts away.
The polar bear goes berserk!
You slice the polar bear like a ripe choko!!!
You kill the polar bear!
Trog accepts your kill.
You slice the death yak!! You claw the death yak! You peck the death yak!
The death yak is severely wounded.
The death yak gores you!
* * * LOW HITPOINT WARNING * * *
You hit the death yak but do no damage. You claw the death yak!
The death yak is almost dead.
You barely miss the death yak. You claw the death yak.
You kill the death yak!
Trog accepts your kill.
You slash the ironbound frostheart!
Your peck misses the ironbound frostheart.
The ironbound frostheart is lightly wounded.
You barely miss the ironbound frostheart.
You claw the ironbound frostheart!
The ironbound frostheart is moderately wounded.
You barely miss the ironbound frostheart.
You claw the ironbound frostheart!
The ironbound frostheart is heavily wounded.
The ironbound frostheart touches you.
* * * LOW HITPOINT WARNING * * *
The ironbound frostheart freezes you!!!
You feel a terrible chill!
You die...

## ##.# ###
#...#### ##.##
[$#..hp#.#
##.#.#
#...h§†#@##
##.#.##
#hp#.## #.####
##Y##.# #..##
#####.##
##...#
##..#.##
##..⌠.#
#......#
#....†##
##.##...#
##..#...#
#..##..[#
#..###..##
#.####.####.##
##..#


You could see an ironbound frostheart, a yak and a wolf.

Vanquished Creatures
  Jorgrun (D:14)
  Kirke (D:13)
  Gastronok (D:9)
  A frost giant (D:15)
  Azrael (D:12)
  A minotaur (Gauntlet)
  A vault guard (D:14)
  Erolcha (D:9)
  An ogre mage (D:14)
  An ironbound frostheart (IceCv)
  3 centaur warriors
  A boulder beetle (D:14)
  A death knight (D:8)
  5 tengu warriors
  4 two-headed ogres
  2 death yaks (IceCv)
  2 orc high priests (Orc:2)
  A soul eater (Gauntlet)
  Amaemon (D:11)
  3 skeletal warriors (D:14)
  2 orange crystal statues
  A wizard (D:15)
  Pikel (D:6)
  5 ugly things
  An orc sorcerer (Orc:2)
  6 cyclopes
  4 manticores
  Maurice (D:8)
  A guardian serpent (shapeshifter) (D:13)
  An ice statue (IceCv)
  2 gargoyles
  An orange demon (D:11)
  A yaktaur (shapeshifter) (D:14)
  2 rime drakes
  An efreet (D:14)
  2 tengu conjurers
  2 kobold demonologists (D:12)
  A freezing wraith (D:15)
  2 ice devils (Orc:2)
  13 polar bears
  5 trolls
  5 slime creatures
  Prince Ribbit (D:5)
  Sigmund (D:6)
  A shadow (D:12)
  36 yaks
  2 wraiths
  A wyvern (D:8)
  Eustachio (D:5)
  4 basilisks
  A steam dragon (D:7)
  2 fire elementals (D:12)
  6 vampire mosquitoes (D:13)
  3 wargs
  Menkaure (D:5)
  4 water moccasins
  2 hell hounds (D:12)
  Duvessa (D:7)
  13 orc warriors
  Pargi (Sewer)
  4 ice beasts
  A black bear (D:5)
  5 centaurs
  14 wolves
  3 ogres
  A phantom (D:5)
  11 kobold brigands
  2 elf zombies
  6 bullfrogs
  A gnoll sergeant (D:11)
  6 scorpions
  12 wights
  2 elf skeletons (D:5)
  Dowan (D:7)
  10 killer bees
  3 howler monkeys
  8 electric eels
  3 hounds
  A human zombie (Ossuary)
  11 orc priests
  3 jellies
  Jessica (D:3)
  2 human skeletons (D:5)
  3 iguanas
  19 orc wizards
  2 mummies (Ossuary)
  7 gnolls
  3 adders
  2 river rats (D:3)
  5 shadow imps
  A white imp (D:8)
  An ufetubus (D:6)
  2 adder zombies (Ossuary)
  A worm (D:4)
  5 dart slugs
  35 orcs
  A ball python (D:1)
  7 bats
  6 endoplasms
  5 giant cockroaches
  9 goblins
  4 hobgoblins
  8 jackals
  26 kobolds
  6 quokkas
  6 frilled lizards
  4 goblin zombies (Ossuary)
  14 hobgoblin zombies (Ossuary)
  10 kobold zombies (Ossuary)
  5 orc zombies
  6 rats
  A rat zombie (Ossuary)
489 creatures vanquished.

Vanquished Creatures (others)
  42 plants
42 creatures vanquished.

Grand Total: 531 creatures vanquished

Notes
Turn   | Place    | Note
-------+----------+-------------------------------------------
     0 | D:1      | Aneyh the Tengu Monk began the quest for the Orb.
     0 | D:1      | Reached XP level 1. HP: 14/14 MP: 2/2
    56 | D:1      | You fall into a shaft and drop 1 floor!
   179 | D:2      | Identified the amulet of Doubts {Spirit Int+2}
   322 | D:1      | Reached XP level 2. HP: 19/19 MP: 3/3
   713 | D:1      | Reached XP level 3. HP: 23/23 MP: 4/4
  1228 | D:2      | Reached skill level 4 in Long Blades
  1600 | D:3      | Noticed Jessica
  1648 | D:3      | Reached XP level 4. HP: 28/28 MP: 5/5
  1740 | D:3      | Found a glowing drain.
  1762 | Sewer    | Entered a sewer
  1853 | Sewer    | Noticed Pargi
  1867 | Sewer    | Killed Pargi
  1868 | Sewer    | Reached skill level 5 in Long Blades
  1868 | Sewer    | Reached skill level 5 in Dodging
  1868 | Sewer    | Gained mutation: Your magical nature lets you fly swiftly
                  | and evasively. [Tengu growth]
  1868 | Sewer    | Reached XP level 5. HP: 24/32 MP: 3/6
  2174 | D:3      | Killed Jessica
  2544 | D:3      | Found a shimmering blue altar of Sif Muna.
  2734 | D:4      | Reached XP level 6. HP: 37/37 MP: 7/7
  3096 | D:4      | Reached skill level 6 in Long Blades
  3205 | D:4      | Reached XP level 7. HP: 41/41 MP: 8/8
  3772 | D:5      | Entered Level 5 of the Dungeon
  3791 | D:5      | Reached skill level 7 in Long Blades
  3957 | D:5      | Reached XP level 8. HP: 46/46 MP: 7/9
  3985 | D:5      | Found a sand-covered staircase.
  3994 | D:5      | Reached skill level 8 in Long Blades
  3996 | Ossuary  | Entered an ossuary
  4370 | D:5      | Found Yrhaxop's Distillery.
  4401 | D:5      | Reached skill level 9 in Long Blades
  4459 | D:5      | Noticed Eustachio
  4516 | D:5      | Killed Eustachio
  4809 | D:5      | Found a sparkling altar of Nemelex Xobeh.
  4809 | D:5      | Noticed Menkaure
  4839 | D:5      | Killed Menkaure
  4840 | D:5      | Reached skill level 10 in Long Blades
  4870 | D:5      | Found Guoxti Ceko's Self-Improvement Boutique.
  4966 | D:5      | Reached XP level 9. HP: 50/50 MP: 10/10
  5056 | D:6      | Noticed Prince Ribbit
  5103 | D:5      | Killed Prince Ribbit
  5246 | D:6      | Reached skill level 11 in Long Blades
  5302 | D:6      | Noticed Sigmund
  5349 | D:6      | Killed Sigmund
  5365 | D:6      | Found Yfistrusk's Weapon Shoppe.
  5434 | D:6      | Found a blossoming altar of Fedhas.
  5571 | D:6      | Noticed Pikel
  5585 | D:6      | Killed Pikel
  5663 | D:6      | Reached skill level 12 in Long Blades
  5966 | D:7      | Reached skill level 10 in Dodging
  5966 | D:7      | Reached XP level 10. HP: 44/56 MP: 8/11
  6305 | D:7      | Noticed Duvessa
  6308 | D:7      | Noticed Dowan
  6312 | D:7      | Found a staircase to the Ecumenical Temple.
  6432 | Temple   | Entered the Ecumenical Temple
  6496 | Temple   | Became a worshipper of Trog the Wrathful
  6496 | Temple   | Reached * piety under Trog
  6496 | Temple   | Reached ** piety under Trog
  7001 | D:7      | Killed Duvessa
  7009 | D:7      | Killed Dowan
  7127 | D:7      | Found a radiant altar of Vehumet.
  7127 | D:7      | Found a stormy altar of Qazlal.
  7239 | D:7      | Found a snail-covered altar of Cheibriados.
  7324 | D:8      | Found a white marble altar of Elyvilon.
  7375 | D:8      | Noticed a death knight
  7379 | D:8      | Reached skill level 13 in Long Blades
  7388 | D:8      | Killed a death knight
  7570 | D:8      | Noticed Maurice
  7591 | D:8      | Killed Maurice
  7767 | D:8      | Reached XP level 11. HP: 26/60 MP: 4/12
  7943 | D:8      | Found a staircase to the Lair.
  8901 | D:9      | Reached *** piety under Trog
  8902 | D:9      | Found a flagged portal.
  8908 | Bailey   | Entered a bailey
  9060 | Bailey   | Reached skill level 14 in Long Blades
  9068 | Bailey   | Found a bloodstained altar of Trog.
  9382 | D:9      | Noticed a two-headed ogre
  9390 | D:9      | Killed a two-headed ogre
  9430 | D:9      | Noticed Gastronok
  9431 | D:9      | Noticed Erolcha
  9440 | D:9      | Killed Gastronok
  9441 | D:9      | Reached skill level 15 in Long Blades
  9443 | D:9      | Killed Erolcha
  9497 | D:9      | Reached **** piety under Trog
  9514 | D:9      | Found a hazy altar of Hepliaklqana.
  9761 | D:9      | Noticed a two-headed ogre
  9770 | D:9      | Killed a two-headed ogre
  9940 | D:9      | Reached XP level 12. HP: 64/64 MP: 13/13
 10087 | D:10     | Entered Level 10 of the Dungeon
 10088 | D:10     | Found a glowing silver altar of Zin.
 10340 | D:10     | Found a shadowy altar of Dithmenos.
 10341 | D:10     | Noticed a two-headed ogre
 10349 | D:10     | Killed a two-headed ogre
 10350 | D:10     | Reached skill level 16 in Long Blades
 10365 | D:10     | Found a staircase to the Orcish Mines.
 10429 | D:10     | Found a glowing silver altar of Zin.
 10556 | D:5      | Bought a manual of Dodging for 800 gold pieces
 10693 | D:10     | Found a glowing golden altar of the Shining One.
 11058 | D:10     | Found a shadowy altar of Dithmenos.
 11114 | D:10     | Noticed ponyjar's ghost (novice DsBr)
 11117 | D:10     | Found a transporter.
 11122 | D:10     | Found a transporter.
 11822 | D:11     | Noticed Amaemon
 11830 | D:11     | Killed Amaemon
 12161 | D:12     | Noticed a sun demon
 12171 | D:12     | Reached skill level 17 in Long Blades
 12171 | D:12     | Reached skill level 15 in Dodging
 12382 | D:12     | Noticed Azrael
 12396 | D:12     | Killed Azrael
 13107 | D:13     | Noticed a two-headed ogre
 13114 | D:13     | Killed a two-headed ogre
 13132 | D:13     | Reached skill level 18 in Long Blades
 13132 | D:13     | Reached XP level 13. HP: 68/69 MP: 12/14
 13444 | D:13     | Reached ***** piety under Trog
 13827 | D:13     | Noticed Kirke
 13835 | D:13     | Killed Kirke
 14037 | D:14     | Found a gate leading to a gauntlet.
 14089 | Gauntlet | Entered a Gauntlet
 14089 | Gauntlet | Found a transporter.
 14089 | Gauntlet | Found a transporter.
 14093 | Gauntlet | Found a transporter.
 14111 | Gauntlet | Found a transporter.
 14115 | Gauntlet | Found a transporter.
 14129 | Gauntlet | Found a transporter.
 14133 | Gauntlet | Found a transporter.
 14142 | Gauntlet | Found a transporter.
 14158 | Gauntlet | Found a transporter.
 14158 | Gauntlet | Noticed an entropy weaver
 14173 | Gauntlet | Found a transporter.
 14177 | Gauntlet | Found a transporter.
 14188 | Gauntlet | Found a transporter.
 14340 | Gauntlet | Reached skill level 5 in Fighting
 14483 | Gauntlet | Identified the ring "Cututibb" {+Blink rElec EV+4 Str+6
                  | Int-4}
 14729 | Gauntlet | Noticed a minotaur
 14733 | Gauntlet | Killed a minotaur
 14801 | Gauntlet | Identified the +0 chain mail of the Morning {rN+ Int+3}
 14858 | D:14     | Reached skill level 19 in Long Blades
 15075 | D:14     | Noticed an entropy weaver
 15076 | D:14     | an entropy weaver changed into a guardian serpent
 15127 | D:14     | Noticed Jorgrun
 15133 | D:14     | Killed Jorgrun
 15193 | D:14     | Noticed a vault guard
 15196 | D:14     | Killed a vault guard
 15211 | D:14     | Found a gate to the Vaults.
 15354 | D:14     | Reached XP level 14. HP: 80/80 MP: 9/15
 15761 | D:15     | Entered Level 15 of the Dungeon
 16322 | D:15     | Identified the +7 chain mail of Honour {+Blink +Inv rC-
                  | Regen+}
 16529 | D:15     | Found a staircase to the Depths.
 16529 | D:15     | Noticed a frost giant
 16534 | D:15     | Killed a frost giant
 16702 | Orc:1    | Entered Level 1 of the Orcish Mines
 16778 | Orc:2    | Entered Level 2 of the Orcish Mines
 16797 | Orc:2    | Reached skill level 20 in Long Blades
 16884 | Orc:2    | Reached skill level 1 in Armour
 16932 | Orc:2    | Found a frozen archway.
 16950 | IceCv    | Entered an ice cave
 17466 | IceCv    | Received a gift from Trog
 17523 | IceCv    | Demolished by an ironbound frostheart

Illustrated notes

Levels and vault maps discovered:
D:1:      ncdulo_halloftheorcs, layout_loops_ring, serial_bayou_crossing
D:2:      layout_basic
D:3:      layout_basic, mainiacjoe_overflow_surrounded_room,
          gup_sewer_entry_spiral, minmay_misc_feat_plants,
          kennysheep_generic_room_9, uniq_jessica
D:4:      layout_loops_corners, eino_tiny_chamber
D:5:      layout_rooms, lemuel_tele_altar, nicolae_ossuary_entry_catacombs,
          serial_shops, nicolae_shop_waterfront, nicolae_shop_self_help,
          uniq_eustachio, uniq_menkaure
D:6:      layout_rooms, mainiacjoe_overflow_small_starburst, serial_shops,
          nicolae_shop_window_shopping, hangedman_decor_slide_cut, uniq_pikel,
          uniq_prince_ribbit1, uniq_sigmund
D:7:      layout_loops_cross, nicolae_overflow_hidden_temple,
          gammafunk_temple_overflow_pools, minmay_temple_entry_arrows,
          uniq_duvessa
D:8:      layout_gridville, mainiacjoe_overflow_24_doors,
          hellmonk_lair_entry_icy, minmay_chambers_of_fives, uniq_maurice
D:9:      layout_roguey, mainiacjoe_overflow_tiny_flanked, enter_bailey_3,
          serial_bayou_lake_a, uniq_erolcha, uniq_gastronok
D:10:     layout_basic, mainiacjoe_overflow_boulevard,
          nicolae_tso_swordbearing_angel, grunt_dithmenos_smoke_and_mirrors,
          gammafunk_ghost_hive, lightli_corner_chamber
D:11:     layout_rooms, uniq_amaemon
D:12:     layout_loops_ring, minivault_15, kennysheep_generic_room_14,
          uniq_azrael
D:13:     layout_grid_maze, nicolae_figureground_sparkle, uniq_kirke
D:14:     layout_loops_corners, david_vaults_5, gauntlet_entry_generic,
          chequers_jeans, uniq_jorgrun
D:15:     grunt_enter_depths_snipers, layout_loops_cross
Temple:   bh_familiar_temple
Orc:1:    layout_diamond_mine
Orc:2:    st_orc_open, layout_caves, biasface_ghost_orc_armoury,
          portal_ice_cave_demonic_guard, bh_open_orc_temple
IceCv:    ice_cave_caverns_01

Skill      XL: |  1  2  3  4  5  6  7  8  9 10 11 12 13 14 |
---------------+-------------------------------------------+-----
Dodging        | 4 5 6 7 8 10 12 13 15 17 18 | 18.9
Long Blades    | 4 5 6 7 10 12 13 15 18 19 20 | 20.5
Fighting       | 6 8 |  8.2
Armour         | 2 |  2.6
Stealth        | |  2.0

Action                   |  1- 3 |  4- 6 |  7- 9 | 10-12 | 13-15 || total
-------------------------+-------+-------+-------+-------+-------++-------
Melee: Falchion          |    84 |   130 |   438 |   227 |       ||   879
       Kick              |    16 |    37 |   167 |   193 |   128 ||   541
       Peck              |     6 |    21 |   101 |   124 |    58 ||   310
       Punch             |     4 |     3 |     6 |     2 |       ||    15
       Great sword       |       |       |       |   345 |   311 ||   656
       Scimitar          |       |       |       |    28 |       ||    28
Throw: Dart              |       |       |     9 |       |       ||     9
       Boomerang         |       |       |       |     5 |       ||     5
Invok: Berserk           |       |       |       |    18 |    11 ||    29
       Trog's Hand       |       |       |       |     1 |       ||     1
  Use: Scroll            |     4 |     2 |     6 |     6 |    11 ||    29
       Potion            |       |     1 |       |     2 |       ||     3
 Stab: Sleeping          |     5 |     2 |     7 |     7 |     3 ||    24
       Distracted        |       |       |       |     2 |     6 ||     8
Armor: Robe              |     6 |       |       |       |       ||     6
       Ring mail         |    29 |    11 |       |       |       ||    40
       Troll leather arm |       |     6 |    45 |    39 |    14 ||   104
       Chain mail        |       |       |       |       |    26 ||    26
Dodge: Dodged            |    48 |    91 |   310 |   654 |   251 ||  1354

Table legend: (Time is in decaauts)
 A = Elapsed time spent in this place.
 B = Non-inter-level travel time spent in this place.
 C = Inter-level travel time spent in this place.
 D = Time resting spent in this place.
 E = Time spent auto-exploring this place.
 F = Levels seen in this place.
 G = Mean time per level.
                   A        B        C        D        E       F      G
               +--------+--------+--------+--------+--------+-----+--------+
         Total |  16569 |  15587 |    982 |   3269 |   8424 |  23 |  720.4 |
       Dungeon |  14394 |  13432 |    962 |   2532 |   7965 |  15 |  959.6 |
        Temple |     75 |     63 |     12 |      0 |     42 |   1 |   75.0 |
  Orcish Mines |    232 |    224 |      8 |      0 |     47 |   2 |  116.0 |
         Sewer |    185 |    185 |      0 |     55 |     74 |   1 |  185.0 |
       Ossuary |    256 |    256 |      0 |      0 |    104 |   1 |  256.0 |
        Bailey |    200 |    200 |      0 |     52 |      4 |   1 |  200.0 |
      Ice Cave |    514 |    514 |      0 |    211 |    177 |   1 |  514.0 |
      Gauntlet |    710 |    710 |      0 |    417 |      9 |   1 |  710.0 |
               +--------+--------+--------+--------+--------+-----+--------+

Top non-repeatable levels by time:
     D:8: 1556 daAuts
    D:14: 1255 daAuts
     D:5: 1144 daAuts
     D:7: 1133 daAuts
    D:10: 1110 daAuts
     D:9: 1026 daAuts
     D:3: 1026 daAuts
     D:4: 968 daAuts
    D:12: 893 daAuts
    D:13: 843 daAuts
     D:6: 765 daAuts
     D:1: 764 daAuts
     D:2: 710 daAuts
Gauntlet: 710 daAuts
    D:11: 630 daAuts
